 Dungeon Crawl Stone Soup version 0.24-a0-618-ge4662a2 (webtiles) character file.

Game seed: 2317569583424704332, levelgen mode: deterministic

98 BoppinsLewinski the Shooter (level 4, 0/36 HPs)
             Began as a Centaur Hunter on Sept 16, 2019.
             Slain by Robin
             ... wielding a +0 club
              (3 damage)
             ... on level 3 of the Dungeon.
             The game lasted 00:04:28 (1952 turns).

BoppinsLewinski the Shooter (Centaur Hunter)        Turns: 1952, Time: 00:04:29

Health: 0/36       AC:  4    Str: 15    XL:     4   Next: 44%
Magic:  4/4        EV:  9    Int: 10    God:
Gold:   70         SH:  0    Dex: 10    Spells: 3/3 levels left

rFire    . . .     SeeInvis .   b - +0 short sword
rCold    . . .     Gourm    .   (no shield)
rNeg     . . .     Faith    .   c - +0 leather armour
rPois    .         Spirit   .   (no helmet)
rElec    .         Reflect  .   (no cloak)
rCorr    .         Harm     .   (no gloves)
MR       .....                  (no barding)
Stlth    +.........             (no amulet)
HPRegen  0.12/turn              (no ring)
MPRegen  0.09/turn              (no ring)

@: very quick
A: large, hooves 3, deformed body, speed 2, tough skin 3
a: no special abilities


You were on level 3 of the Dungeon.
You were hungry.

You visited 1 branch of the dungeon, and saw 3 of its levels.

You collected 70 gold pieces.

Inventory:

Hand Weapons
 a - a +1 shortbow
 b - a +0 short sword (weapon)
Missiles
 d - 7 arrows
 m - a throwing net (quivered)
Armour
 c - a +0 leather armour (worn)
Scrolls
 e - 6 scrolls of identify {unknown}
 g - a scroll of noise {unknown}
 h - a scroll of fear {unknown}
 i - a scroll of enchant weapon {unknown}
 j - a scroll of remove curse {unknown}
 k - a scroll of immolation {unknown}
 l - a scroll of magic mapping {unknown}
Comestibles
 f - 5 rations


   Skills:
 - Level 2.0 Fighting
 * Level 7.9 Bows
 - Level 1.3 Dodging
 - Level 0.4 Stealth


You had 3 spell levels left.
You didn't know any spells.
Your spell library was empty.

Dungeon Overview and Level Annotations

Branches:
Dungeon (3/15)

Altars:

Annotations:
D:3 Robin


Innate Abilities, Weirdness & Mutations

You have hooves in place of feet.
Armour fits poorly on your strangely shaped body.
You cover ground very quickly.
You have extremely tough skin. (AC +3)


Message History

Robin hits ye wit' a +0 club.
* * * LOW HITPOINT WARNIN'
* * * Ye hit Robin but do nay damage.
Robin be moderately wounded.
Robin closely misses ye.
Ye hit Robin.
Yer kick misses Robin.
Robin be heavily wounded.
Robin hits ye but does nay damage.
Ye hit Robin.
Robin be heavily wounded.
Robin hits ye wit' a +0 club.
* * * LOW HITPOINT WARNIN'
* * * Ye closely miss Robin.
Robin be heavily wounded.
Robin hits ye wit' a +0 club.
* * * LOW HITPOINT WARNIN'
* * * Ye barely miss Robin.
Robin be heavily wounded.
Robin hits ye wit' a +0 club.
Ye die...

#. #.# #.# #.# #.#
# #.# ######.##
##.#####.@g))..#
#...†....####..(...
#..####### ..(..
#..# .###
####..########## #
#...............
#.##############
#.# #.#


You could see Robin.

Vanquished Creatures
  3 adders (D:2)
  2 worms
  2 dart slugs
  A leopard gecko (D:2)
  3 orcs (D:3)
  A giant cockroach (D:1)
  6 hobgoblins
  7 jackals
  6 frilled lizards
  14 goblins
  4 kobolds
  6 rats
55 creatures vanquished.

Notes
Turn   | Place    | Note
-------+----------+-------------------------------------------
     0 | D:1      | BoppinsLewinski the Centaur Hunter began the quest for the
                  | Orb.
     0 | D:1      | Reached XP level 1. HP: 17/17 MP: 1/1
   247 | D:1      | Reached skill level 6 in Bows
   247 | D:1      | Reached XP level 2. HP: 22/24 MP: 2/2
  1002 | D:2      | Reached XP level 3. HP: 27/29 MP: 3/3
  1231 | D:2      | Reached skill level 7 in Bows
  1417 | D:2      | Reached XP level 4. HP: 26/36 MP: 4/4
  1911 | D:3      | Noticed Robin
  1952 | D:3      | Slain by Robin

Levels and vault maps discovered:
D:1:      dpeg_arrival_tiny_g, layout_basic
D:2:      layout_loops_ring, first_ration
D:3:      layout_loops_ring, uniq_robin

Skill      XL: |  1  2  3 |
---------------+----------+-----
Bows           | 6 7 |  7.9
Fighting       | |  2.0
Dodging        | |  1.3
Stealth        | |  0.4

Action                   |  1- 3 |  4- 6 || total
-------------------------+-------+-------++-------
Melee: Short sword       |    39 |    42 ||    81
       Kick              |     3 |     2 ||     5
 Fire: Shortbow          |    90 |    19 ||   109
Throw: Throwing net      |     1 |       ||     1
  Use: Potion            |     2 |       ||     2
  Eat: Chunk             |       |     1 ||     1
Armor: Leather armour    |    11 |    11 ||    22
       Skin              |    28 |       ||    28
Dodge: Dodged            |    13 |    15 ||    28

Table legend:
 A = Non-vault XP
 B = Vault XP
 C = Vault XP percentage of total XP
 D = Non-vault monster count
 E = Vault monster count
 F = Vault count percentage of total count
                 A         B        C        D         E       F
            +---------+---------+-------+---------+---------+-------
      Total |     119 |      22 |  15.6 |      44 |      11 |  20.0
            +---------+---------+-------+---------+---------+-------
        D:1 |      24 |       0 |   0.0 |      16 |       0 |   0.0
        D:2 |      79 |       0 |   0.0 |      23 |       0 |   0.0
        D:3 |      16 |      22 |  57.9 |       5 |      11 |  68.8
            +---------+---------+-------+---------+---------+-------
